 Dungeon Crawl Stone Soup version 0.27.0-1-g7a089689b8 (webtiles) character file.

Game seed: 7903092247666272289

174 SunEater the Cudgeller (level 5, 0/47 HPs)
             Began as a Minotaur Berserker on Aug 6, 2021.
             Was a Believer of Trog.
             Slain by a gnoll (5 damage)
             ... on level 5 of the Dungeon.
             The game lasted 00:07:11 (2944 turns).

SunEater the Cudgeller (Minotaur Berserker)         Turns: 2944, Time: 00:07:12

Health: 0/47       AC:  7    Str: 23    XL:     5   Next: 28%
Magic:  4/4        EV: 10    Int:  4    God:    Trog [**....]
Gold:   79         SH:  0    Dex:  9    Spells: 4/4 levels left

rFire    . . .     SeeInvis .   a - +0 mace
rCold    . . .     Faith    .   (no shield)
rNeg     . . .     Spirit   .   c - +0 scale mail
rPois    .         Reflect  .   (helmet restricted)
rElec    .         Harm     .   (no cloak)
rCorr    .         Rampage  .   (no gloves)
Will     .....                  (no boots)
Stlth    ..........             b - amulet of the acrobat
HPRegen  0.15/turn              (no ring)
MPRegen  0.09/turn              (no ring)

@: lethally poisoned (0 -> -9)
A: horns 2, retaliatory headbutt
a: Renounce Religion, Berserk, Trog's Hand


You were on level 5 of the Dungeon.
You worshipped Trog.
Trog was pleased with you.
You visited 1 branch of the dungeon, and saw 5 of its levels.

You collected 119 gold pieces.
You spent 40 gold pieces at shops.

Inventory:

Hand Weapons
 a - a +0 mace (weapon)
Armour
 c - a +0 scale mail (worn)
Jewellery
 b - an amulet of the acrobat (around neck)
Scrolls
 d - a scroll of fear {unknown}
 e - 2 scrolls of identify {unknown}
 h - a scroll of blinking {unknown}
 i - a scroll of teleportation {unknown}
Potions
 f - 5 potions of curing {unknown}
 g - 2 potions of brilliance {unknown}


   Skills:
 * Level 4.8 Fighting
 + Level 5.7 Maces & Flails
 + Level 3.9 Armour
 - Level 2.2 Dodging


You had 4 spell levels left.
You didn't know any spells.
Your spell library was empty.

Dungeon Overview and Level Annotations

Branches:
Dungeon (6/15)
 Temple: D:4-7

Altars:
Zin

Shops:
D:2 *


Innate Abilities, Weirdness & Mutations

You have a pair of horns on your head.
You reflexively headbutt those who attack you in melee.


Message History

You kill the hound!
Trog accepts your kill.
A gnoll comes into view. It is wielding a +0 flail.
The gnoll shouts!
You hear a shout! x2
A scorpion comes into view.
You hit the gnoll but do no damage. Your headbutt misses the gnoll.
The gnoll hits you but does no damage.
You barely miss the gnoll.
A gnoll comes into view. It is wielding a +0 club.
The gnoll hits you with a +0 flail!
You closely miss the scorpion. The gnoll barely misses you.
The scorpion stings you but does no damage.
A gnoll comes into view. It is wielding a +0 flail.
You hit the scorpion but do no damage. The scorpion stings you!
The gnoll hits you with a +0 flail. The gnoll hits you with a +0 club.
The scorpion completely misses you. You furiously retaliate!
You headbutt the scorpion, but do no damage.
You thump the scorpion! You headbutt the scorpion!
The scorpion is almost dead.
The gnoll misses you. The scorpion closely misses you.
The gnoll closely misses you.
You hit the scorpion but do no damage.
You headbutt the scorpion, but do no damage.
The scorpion is almost dead.
The scorpion stings you.
You are poisoned.
The scorpion poisons you! The gnoll hits you with a +0 flail.
The gnoll hits you with a +0 club.
* * * LOW HITPOINT WARNING * * *
The gnoll hits you with a +0 flail.
* * * LOW HITPOINT WARNING * * *
The scorpion barely misses you. The gnoll barely misses you.
Unknown command.
You hit the scorpion but do no damage.
You headbutt the scorpion, but do no damage.
The scorpion is almost dead.
* * * LOW HITPOINT WARNING * * *
You feel very sick. The gnoll hits you with a +0 club.
You die...

#. ... ### ....
######.###.....
#...#..#g......
###.>.#..@g...#
#........gs...#
##....#........#
##...#........#
#..##........#
#..####.#.....#
..## ..####....
.!. ..# .... ..
..


You could see a scorpion and 3 gnolls.

Vanquished Creatures
  2 hounds
  Jessica (D:2)
  5 adders
  A worm (D:2)
  4 ball pythons (D:1)
  4 endoplasms
  2 giant cockroaches (D:1)
  2 goblins
  2 hobgoblins
  3 jackals (D:1)
  2 quokkas (D:2)
  4 bats
  3 frilled lizards
  3 kobolds
  6 rats
44 creatures vanquished.

Notes
Turn   | Place    | Note
-------+----------+-------------------------------------------
     0 | D:1      | SunEater the Minotaur Berserker began the quest for the
                  | Orb.
     0 | D:1      | Reached XP level 1. HP: 19/19 MP: 0/0
   402 | D:1      | Reached XP level 2. HP: 25/27 MP: 1/1
   824 | D:1      | Reached skill level 4 in Maces & Flails
  1353 | D:2      | Found Feubled's Assorted Antiques.
  1361 | D:2      | Bought a smoky sapphire potion for 20 gold pieces
  1361 | D:2      | Bought a smoky sapphire potion for 20 gold pieces
  1604 | D:2      | Reached XP level 3. HP: 33/34 MP: 2/2
  1901 | D:2      | Noticed Jessica
  1913 | D:2      | Killed Jessica
  1914 | D:2      | Reached XP level 4. HP: 25/41 MP: 3/3
  2044 | D:2      | Found a faded altar of an unknown god.
  2083 | D:2      | Reached ** piety under Trog
  2714 | D:3      | Reached skill level 5 in Maces & Flails
  2852 | D:3      | Found a glowing silver altar of Zin.
  2858 | D:3      | You fall into a shaft and drop 3 floors!
  2858 | D:6      | Noticed an ogre
  2891 | D:6      | Reached XP level 5. HP: 43/47 MP: 4/4
  2930 | D:5      | Entered Level 5 of the Dungeon
  2944 | D:5      | Slain by a gnoll

Illustrated notes

Levels and vault maps discovered:
D:1:      heliophobic_arrival_henge, layout_loops_corners, kennysheep_boxes
D:2:      layout_basic, serial_shops, shop,
          chequers_ecumenical_altar_simple_redux, uniq_jessica
D:3:      layout_basic, old_standard_altar
D:5:      wad_lake_hut, layout_cave_pools, amcnicky_altar_gilded, serial_shops,
          shop, kennysheep_generic_room_16
D:6:      layout_rooms, lemuel_crystal_altar, chequers_serial_rivers_small_3,
          st_stairs_9

Skill      XL: |  1  2  3  4 |
---------------+-------------+-----
Fighting       | 4 |  4.8
Maces & Flails | 4 5 |  5.7
Armour         | 3 |  3.9
Dodging        | |  2.2

Action                   |  1- 3 |  4- 6 || total
-------------------------+-------+-------++-------
Melee: Mace              |    78 |    39 ||   117
       Headbutt          |     9 |     8 ||    17
Armor: Animal skin       |     7 |       ||     7
       Scale mail        |    27 |    15 ||    42
Dodge: Dodged            |    51 |    45 ||    96
